Cogmind - Beta 10.2 *** ADVENTURER MODE // 2021.10.18 @ 14:09:30 Player: redcomet Result: Destroyed by L-31 Rogue with Katana Performance ------------- Evolutions (1) 500 Regions Visited (2) 400 Robots Destroyed (34) 170 Value Destroyed (849) 849 Prototype IDs (1) 20 Alien Tech Used (0) 0 Bonus (0) 0 TOTAL SCORE: 1939 Bonus ------- None Cogmind --------- Core Integrity 0/400 Matter 167/300 Energy 125/125 System Corruption 0% Temperature Cool (0) Movement Treading (160) Location -9/Materials Parts ------- > --- POWER (1) -------- Light Ion Engine > --- PROPULSION (4) --- Light Treads Light Treads Light Treads Light Treads > --- UTILITY (2) ------ High-capacity Storage Unit Transmission Jammer > --- WEAPON (2) ------- Shotgun Shotgun > --- INVENTORY (12) --- Reinforced Ion Engine Aluminum Leg Visual Processing Unit Sensor Array Improved Sensor Array Terrain Scan Processor Propulsion Shielding Trap Extractor Peak State ------------ > --- POWER ------------ Light Ion Engine > --- PROPULSION ------- Light Treads Light Treads Light Treads Light Treads > --- UTILITY ---------- High-capacity Storage Unit Transmission Jammer > --- WEAPON ----------- Shotgun Shotgun > --- INVENTORY -------- Reinforced Ion Engine Aluminum Leg Visual Processing Unit Sensor Array Improved Sensor Array Terrain Scan Processor Propulsion Shielding [Rating: 14] Favorites ----------- Power Ion Engine Engine Ion Engine Propulsion Aluminum Leg Treads Light Treads Leg Aluminum Leg Utility High-capacity Storage Unit Device Transmission Jammer Storage High-capacity Storage Unit Protection Propulsion Shielding Weapon EM Pulse Gun Energy Gun EM Pulse Gun Ballistic Gun Assault Rifle Launcher Grenade Launcher Build | -11 -10 -9 ------- Run | Scr Mat Mat Slots Evolved 2 | . . 2 Power . | . . . Propulsion 2 | . . 2 Utility . | . . . Weapon . | . . . Parts Attached 32 | 6 8 18 Power 4 | 1 1 2 Engine 4 | 1 1 2 Core . | . . . Reactor . | . . . Propulsion 9 | 2 . 7 Treads 5 | . . 5 Leg 4 | 2 . 2 Wheel . | . . . Hover . | . . . Flight . | . . . Utility 6 | 1 4 1 Device 1 | . . 1 Storage 4 | 1 3 . Processor . | . . . Hackware . | . . . Protection 1 | . 1 . Artifact . | . . . Weapon 13 | 2 3 8 Energy Gun 6 | 2 1 3 Energy Cannon . | . . . Ballistic Gun 5 | . 2 3 Ballistic Cannon . | . . . Launcher 2 | . . 2 Special Weapon . | . . . Impact Weapon . | . . . Slashing Weapon . | . . . Piercing Weapon . | . . . Special Melee Weapon . | . . . Unidentified Prototypes . | . . . Parts Lost 15 | . 1 14 Power 2 | . . 2 Propulsion 5 | . . 5 Utility . | . . . Weapon 8 | . 1 7 Highest Loss Streak 9 | . 1 9 Average Slot Usage (%) 96 | . 98 94 Engine 12 | . 14 10 Treads 11 | . . 20 Leg 22 | . 28 18 Device 5 | . . 10 Storage 12 | . 13 11 Protection 6 | . 13 . Energy Gun 10 | . 16 6 Ballistic Gun 12 | . 11 12 Launcher 1 | . . 3 Naked Turns . | . . . Heaviest Build 42 | 13 42 42 Greatest Support 80 | 20 20 80 Greatest Overweight (x) 13 | . 2 13 Average Overweight (x) 1 | . 1 . Largest Inventory Capacity 12 | 6 12 12 Average Capacity 11 | 5 10 12 Most Carried 12 | 4 12 12 Average Carried 9 | 2 9 9 Final Capacity 12 | 6 12 12 Final Carried 12 | 2 12 8 Class Distribution -------------------- 76% | Mutant 23% | Scavenger-Mutant Dominant Class ---------------- Mutant | -10/Materials Mutant | -9/Materials Resources | -11 -10 -9 ----------- Run | Scr Mat Mat Matter Collected 635 | 260 109 266 Remotely . | . . . Salvage Created 1025 | . 346 679 Parts 89 | . 34 55 Haulers Intercepted . | . . . Recyclers Shooed . | . . . Parts Field Recycled . | . . . Retrieved Matter . | . . . Parts Self-Destructed . | . . . Prevented . | . . . Kills | -11 -10 -9 ------- Run | Scr Mat Mat Combat Hostiles Destroyed 26 | . 9 17 Guns 21 | . 9 12 AOE 5 | . . 5 Classes Destroyed 7 | . 4 3 Worker 1 | . . 1 Builder 1 | . 1 . Watcher 6 | . 3 3 Swarmer 10 | . 6 4 Grunt 7 | . 3 4 Brawler 1 | . . 1 Sentry 8 | . . 8 Best Kill Streak 4 | . 4 4 Combat Bots Only 4 | . 3 4 Max Kills in Single Turn 2 | . 2 2 Gunslinging . | . . . Exploded 2 | . . 2 Melee . | . . . Uniques/NPCs Destroyed . | . . . Combat | -11 -10 -9 -------- Run | Scr Mat Mat Damage Taken 1968 | . 264 1704 Core 447 | . 44 403 Absorbed by Shields . | . . . Core Remaining (%) 91 | 100 82 . Volleys Fired 97 | . 29 68 Largest 2 | . 2 2 Hottest 112 | . 90 112 Shots Fired 181 | . 57 124 Gun 174 | . 57 117 Cannon . | . . . Launcher 7 | . . 7 Special . | . . . Kinetic 89 | . 18 71 Thermal 49 | . 10 39 Explosive 7 | . . 7 Electromagnetic 36 | . 29 7 Robot Hit Streak 22 | . 9 22 Robot Miss Streak 4 | . 4 2 Penetration Max . | . . . Secondary Targets 4 | . 2 2 Max Gunslinging Chain 1 | . 1 1 Shots Hit Robots 135 | . 34 101 Core Hits 55 | . 17 38 Critical Hits . | . . . Critical Kills . | . . . Critical Parts Destroyed . | . . . Melee Attacks . | . . . Impact . | . . . Slashing . | . . . Piercing . | . . . Sneak Attacks . | . . . Combat Hostiles . | . . . Follow-up Attacks . | . . . Damage Inflicted 1999 | . 471 1528 Guns 1597 | . 433 1164 Cannons . | . . . Explosions 399 | . 35 364 Melee . | . . . Ramming 3 | . 3 . Kinetic 788 | . 126 662 Thermal 516 | . 72 444 Explosive 364 | . . 364 Electromagnetic 328 | . 270 58 Impact . | . . . Slashing . | . . . Piercing . | . . . Highest Corruption . | . . . Average Corruption . | . . . Corruption Purged . | . . . Overload Shots . | . . . Overflow Damage 10 | . . 10 Projectiles . | . . . Explosions 10 | . . 10 Melee . | . . . Knockbacks . | . . . Impact . | . . . Kinetic . | . . . Secondary . | . . . Self-Inflicted Damage 9 | . 1 8 Shots 1 | . . 1 Rammed 1 | . 1 . Targets Rammed 1 | . 1 . Kicked . | . . . Crushed . | . . . Highest Temperature 202 | . 123 202 Average Temperature 47 | . 58 43 Received Heat Transfer 900 | . 114 786 Siege Activations . | . . . Robots Corrupted . | . . . Combat Hostiles . | . . . Parts Fried . | . . . Impact Corruptions . | . . . Robots Melted . | . . . Combat Hostiles . | . . . Parts Melted . | . . . Heat Transferred 1321 | . 211 1110 Parts Sabotaged . | . . . Parts Stolen . | . . . Parts Stripped . | . . . Power Chain Reactions 1 | . 1 . Missiles Intercepted . | . . . Alert | -11 -10 -9 ------- Run | Scr Mat Mat Peak Influence 182 | . 162 182 Initial . | . . . Average 62 | . 72 57 Maximum Alert Level . | . . . Low Security (%) 100 | 100 100 100 Level 1 . | . . . Level 2 . | . . . Level 3 . | . . . Level 4 . | . . . Level 5 . | . . . High Security . | . . . Max Security . | . . . Squads Dispatched 2 | . 1 1 Investigation 1 | . 1 . Extermination . | . . . Reinforcement 1 | . . 1 Assault . | . . . Garrison . | . . . Intercept . | . . . Construction Impeded . | . . . Haulers Reinforced . | . . . Stealth | -11 -10 -9 --------- Run | Scr Mat Mat Distress Signals . | . . . Communications Jammed 8 | . . 8 Distress Signals 8 | . . 8 Times Spotted 44 | . 13 31 Peak Tracking Total 5 | . 3 5 Tactical Retreats 2 | . . 2 Traps | -11 -10 -9 ------- Run | Scr Mat Mat Traps Triggered 3 | . 3 . Indirectly . | . . . Trap Hack Attempts . | . . . Triggered . | . . . Disarmed . | . . . Reprogrammed . | . . . Reused . | . . . Traps Extracted . | . . . Installed . | . . . Triggered . | . . . Machines | -11 -10 -9 ---------- Run | Scr Mat Mat Machines Disabled . | . . . Max in Single Turn . | . . . Machines Sabotaged . | . . . Garrisons Compromised . | . . . Overloaded Fab Kills . | . . . Fab Network Shutdowns . | . . . Hacking | -11 -10 -9 --------- Run | Scr Mat Mat Machines Accessed 6 | . 3 3 Terminals 4 | . 2 2 Fabricators . | . . . Repair Stations . | . . . Recycling Units 1 | . 1 . Scanalyzers 1 | . . 1 Garrison Access . | . . . Total Hacks 12 | . 7 5 Successful 8 | . 5 3 Failed 4 | . 2 2 Catastrophic . | . . . Database Lockouts . | . . . Manual . | . . . Terminals 7 | . 4 3 Fabricators . | . . . Repair Stations . | . . . Recycling Units 3 | . 3 . Scanalyzers 2 | . . 2 Garrison Access . | . . . Terminal Hacks 4 | . 3 1 Record 2 | . 2 . Locate Traps 1 | . 1 . Hauler Manifests 1 | . . 1 Fabricator Hacks . | . . . Repair Station Hacks . | . . . Recycling Unit Hacks 2 | . 2 . Report Inventory 1 | . 1 . Retrieve Components 1 | . 1 . Scanalyzer 2 | . . 2 Insert Component 1 | . . 1 Analyze 1 | . . 1 Garrison Access Hacks . | . . . Unauthorized Hacks . | . . . Terminals . | . . . Fabricators . | . . . Repair Stations . | . . . Recycling Units . | . . . Scanalyzers . | . . . Garrison Access . | . . . Data Cores Recovered . | . . . Used . | . . . Hacking Detections 2 | . 2 . Full Trace Events 1 | . 1 . Feedback Events . | . . . Feedback Blocked . | . . . Robot Schematics Acquired . | . . . Robots Built . | . . . Matter . | . . . Time . | . . . Total Robot Build Rating . | . . . Part Schematics Acquired 1 | . . 1 Parts Built . | . . . Matter . | . . . Time . | . . . Total Part Build Rating . | . . . Parts Repaired . | . . . Time . | . . . Parts Recycled . | . . . Recycled Matter . | . . . Retrieved Matter . | . . . Retrieved Components 6 | . 6 . Parts Scanalyzed 1 | . . 1 Part Schematics Acquired 1 | . . 1 Parts Damaged . | . . . Bothacking | -11 -10 -9 ------------ Run | Scr Mat Mat Used RIF Installer . | . . . Robots Hacked . | . . . Non-combat . | . . . Combat . | . . . Robot Hacks Applied . | . . . Relay Couplers Released . | . . . Robots Rewired . | . . . Allies Hacked . | . . . Hacks Repelled . | . . . Allies | -11 -10 -9 -------- Run | Scr Mat Mat Total Allies . | . . . Largest Group . | . . . Highest-Rated Group . | . . . Highest-Rated Ally . | . . . Total Orders . | . . . Ally Attacks . | . . . Total Damage . | . . . Kills . | . . . Allies Corrupted . | . . . Allies Melted . | . . . Intel | -11 -10 -9 ------- Run | Scr Mat Mat Robot Analysis Total . | . . . Derelict Logs Recovered . | . . . Drone Launches . | . . . Drone Recoveries . | . . . Exploration | -11 -10 -9 ------------- Run | Scr Mat Mat Turns Passed 2611 | 65 1157 1389 Spaces Moved 1380 | 47 613 720 Core 8 | 6 . 2 Treads 385 | . . 385 Legs 987 | 41 613 333 Wheels . | . . . Hover . | . . . Flight . | . . . Fastest Speed 50 | 50 120 150 Average Speed 161 | 111 167 159 Slowest Speed 700 | 120 180 700 Overloaded Moves . | . . . Propulsion Burnouts . | . . . Robots Hopped . | . . . Cave-ins Triggered . | . . . Exploration Rate (%) 48 | 4 90 52 Regions Visited 2 Branch Regions . Pre-discovered Areas . | . . . Known Exits Taken . | . . . Unknown Exits Taken 2 | 1 1 . Scrap Searched . | . . . Spaces Dug . | . . . Terrain Destroyed 47 | . 4 43 Melee . | . . . Projectile . | . . . AOE 47 | . 4 43 Terrain Rammed . | . . . Walls Destroyed . | . . . Machines Disabled . | . . . Actions | -11 -10 -9 --------- Run | Scr Mat Mat Total 1594 | 59 688 847 Wait 32 | . 7 25 Move 1378 | 46 612 720 Hop . | . . . Pick Up 42 | 7 22 13 Fast Attach 3 | 1 2 . Attach 29 | 5 6 18 Detach 2 | . . 2 Swap . | . . . Drop 10 | . 9 1 Fire 97 | . 29 68 Melee . | . . . Ram . | . . . Kick 1 | . 1 . Crush . | . . . Escape Stasis . | . . . Rewire . | . . . Trap . | . . . Miscellaneous . | . . . Route ------- -11/Scrapyard -10/Materials (discovered 4 exits: *Mat x3 / [*Min]) -9/Materials (discovered 1 exit: [*Mat]) History --------- Turn | Location | Event 4 | -11/Scrapyard | Discovered new exit (range 16) 66 | -11/Scrapyard | Entered Materials 273 | -10/Materials | Discovered new exit (range 14) 304 | -10/Materials | Build established: Mutant 398 | -10/Materials | Discovered new exit (range 16) 957 | -10/Materials | Discovered new exit (range 16) 1130 | -10/Materials | Discovered new exit (range 15) 1223 | -10/Materials | Entered another Materials area 1223 | -9/Materials | Evolved 2 slots: Propulsion x2 1736 | -9/Materials | Discovered new exit (range 7) 1846 | -9/Materials | Core integrity fell below 50% 1876 | -9/Materials | Lost 9 parts (2p4n3w) 2314 | -9/Materials | Build established: Scavenger-Mutant 2388 | -9/Materials | Core integrity fell below 20% 2422 | -9/Materials | Lost 3 parts (3w) 2612 | -9/Materials | Destroyed by L-31 Rogue with Katana Last Messages --------------- 02405_ U-05 Engineer lays Concrete. 02405_ R-06 Scavenger collects Lgt. Assault Rifle. 02406_ U-05 Engineer lays Concrete. 02407_ U-05 Engineer builds a Wall. 02409_ R-06 Scavenger collects Flight Unit. 02410_ U-05 Engineer lays Concrete. 02412_ U-05 Engineer builds a Wall. 02417_ The unstable cave ceiling collapses. 02417_ U-05 Engineer lays Concrete. 02418_ U-05 Engineer builds a Door. 02420_ U-05 Engineer lays Concrete. 02422_ U-05 Engineer builds a Wall. 02446_ Destroyed Beam Rifle. 02449_ Y-45 Defender destroyed. 02454_ Acquired 42 matter. 02457_ Acquired Lgt. Treads. 02477_ Acquired Trap Extractor. 02482_ K-01 Serf collects debris. 02497_ R-06 Scavenger collects Hvy. Assault Rifle. 02500_ R-06 Scavenger collects Lgt. Armor Plating. Map ----- +----------------------------------------------------+ | ?????????????????????????"?????#"S????# % | | ????????????????????????""" ??#"""???## ########/ | | ????????????????????????""" ?# ""????# #????? | | ???????????????????????""" ?# ????# #???" "" | | ??????????????????????? #! ????# #?"R "" | | ????????????????????????? # ????# ##""" "" | | ?????????????????????##+###### +###### ## | | ???????????????????? % # | | ???????????????????? % ######### | | ???????????????????? % #???????? | | ???????????????????????# ##### ##### #???????? | | ???????????????????????# #?## # #???????? | | ???????????????????????# #??# + #???????? | | ???????????????????????# #??# # +???????? | | ???????????????????????# #??# # #???????? | | ???????????????????????# #??# ### #???????? | | ???????????????????????# #??# #?# #???????? | | ???????????????????????# #??#####+##?# #???????? | | ???????????????????????# #??????# #??# #???????? | | ???????????????????????# ######?# #??# #?####### | | ???????????????????????# # ?# #### ### !! | | ???????????????????????# # # ## # ! | | ???????????????????????# # ! # ## # ! | | ???????????????????????#r # ! + + | | ???????????????????????# # # # # | | ???????????????????????# @ # # # # | | ???????????????????????# lg######## ####+######## | | ???????????????????????+ #??# # #?? | | ???????????????????????# #??# # #?? | | ???????????????????????# #??# # #?? | | ???????????????????????#g #### ## #?? | | ???????????????????????# ############?? | | ???????????????????????# ####### #????????????? | | ???????????????????????# #??####+######???????? | | ???????????????????????+ #??# #???????? | | ???????????????????????# #??# #???????? | | ???????????????????????# #??# #???????? | | ???????????????????????# #??# #???????? | | ??????????????????????? #??###########???????? | | ??????????????????????# ????????????????????? | | ??????????????????????# ????????????????????? | | ??????????????????????# = ????????????????????? | | ??????????????????????# ???????????????????? | | ??????????????????????# """ ???????????????????? | | ?????????????????????? """ ???????????????????? | | ?????????????????????? ??? ???????????????????? | | ??????????????????????? ???????????????????????? | | ?????????????????????????????????????????????????? | | ?????????????????????????????????????????????????? | | ?????????????????????????????????????????????????? | +----------------------------------------------------+ Best States ------------- Heat Dissipation 28 Energy Generation 14 Energy Capacity 280 Matter Stores 300 Matter Capacity 450 Sight Range 16 Terrain Scan Density 10 Jamming Range 8 Resistance: KI 20 Resistance: TH 20 Resistance: EX 20 Resistance: EM 20 Resistance: I 20 Resistance: S 20 Resistance: P 20 Propulsion Shielding 33 Evasion (%) 40 Recoil Reduction 4 Offensive Hacking 10 Item Schematics ----------------- Hvy. Ion Engine | -9/Materials | Scanalyzed Robot Schematics ------------------ None Fabricated ------------ Nothing Alien Tech Used ----------------- None Achievements -------------- Safety First Challenges ------------ None Game ------ Seed AssembledLightpackMinigun Manual? 0 Play Time 00:31:52 Cumulative 3.7 hours Start 2021.10.18 @ 13:39:34 End 2021.10.18 @ 14:09:30 Sessions 1 Manual Loads 0 Difficulty Adventurer Special Mode None Game No. 4 Rogue 0 Adventurer 4 Explorer 0 Win Type - Total 0 Types 0/0/0/0/0/0/0/0/0 Lore% 4 Gallery% 6 Achievement% 5 Wizard Run 0 Options --------- ASCII 0 Keyboard 0 Movement Mouse Keybinds 0 Fullscreen 1 Font 12/Smallcaps Map View 83x54 Tactical HUD 1 Map Filters NONE Filters NONE Steam 1 RUN: af0f87a7-c69f-47ca-93df-10a6dfb4d76e